 Dungeon Crawl Stone Soup version 0.28.0-53-g5a82cb258f (webtiles) character file.

Game seed: 1555730026495568387

1482 bnorton916 the Magician (level 8, -10/41 HPs)
             Began as a Deep Elf Fire Elementalist on July 16, 2022.
             Was an Initiate of Gozag.
             Mangled by an orc warrior
             ... wielding a +0 battleaxe
              (16 damage)
             ... on level 6 of the Dungeon.
             The game lasted 00:07:09 (9100 turns).

bnorton916 the Magician (DEFE)                      Turns: 9100, Time: 00:07:11

Health: -10/41     AC:  4    Str:  5    XL:     8   Next: 50%
Magic:  23/30      EV: 12    Int: 23    God:    Gozag
Gold:   189        SH:  0    Dex: 15    Spells: 12/22 levels left

rFire   . . .      SeeInvis .   g - +3 spear
rCold   . . .      Faith    .   (no shield)
rNeg    . . .      Spirit   .   a - +0 robe
rPois   +          Reflect  .   d - +0 helmet
rElec   .          Harm     .   (no cloak)
rCorr   .          Rampage  .   (no gloves)
Will    .....                   m - +0 pair of boots
Stlth   ++........              (no amulet)
HPRegen 0.13/turn               t - ring of poison resistance
MPRegen 0.22/turn               u - ring of magical power

@: no status effects
A: no striking features
a: Renounce Religion, Potion Petition, Call Merchant, Bribe Branch


You were on level 6 of the Dungeon.
You worshipped Gozag.
Gozag was aware of your devotion.
You visited 1 branch of the dungeon, and saw 6 of its levels.

You collected 271 gold pieces.
You paid 82 gold pieces to Gozag.

Inventory:

Hand Weapons
 g - a +3 spear (weapon)
 p - a +0 dagger of speed
Missiles
 b - 220 stones
 x - 3 boomerangs of dispersal
Armour
 a - a +0 robe (worn)
 d - a +0 helmet (worn)
 m - a +0 pair of boots (worn)
Jewellery
 t - a ring of poison resistance (left hand)
 u - a ring of magical power (right hand)
 y - a +4 ring of slaying
Wands
 j - a wand of flame (42)
 r - a wand of polymorph (13)
 w - a wand of paralysis (12)
Scrolls
 k - 4 scrolls of identify {unknown}
 l - a scroll of vulnerability {unknown}
 o - a scroll of magic mapping {unknown}
 q - 2 scrolls of summoning {unknown}
 s - 2 scrolls of noise {unknown}
 v - a scroll of torment {unknown}
Potions
 c - 2 potions of might {unknown}
 e - a potion of cancellation
 f - a potion of brilliance {unknown}
 h - 3 potions of attraction {unknown}
 i - a potion of curing {unknown}
 n - a potion of flight {unknown}


   Skills:
 + Level 3.5 Armour
 - Level 2.4 Dodging
 - Level 2.4 Stealth
 - Level 7.8 Spellcasting
 - Level 6.0 Conjurations
 - Level 6.9 Fire Magic


You had 12 spell levels left.
You knew the following spells:

 Your Spells              Type           Power      Damage    Failure   Level
a - Foxfire               Conj/Fire      100%       2x1d9     1%          1
b - Scorch                Fire           80%        2d9       1%          2
c - Conjure Flame         Conj/Fire      38%        6-21      1%          3
d - Flame Wave            Conj/Fire      38%        2d9       4%          4

Your spell library contained the following spells:

 Spells                   Type           Power      Damage    Failure   Level
 Inner Flame              Hex/Fire       24%        N/A       5%          3


Dungeon Overview and Level Annotations

Branches:
Dungeon (6/15)
 Temple: D:4-7

Altars:
Gozag
Xom

Shops:
D:1 [[[!   D:4 =

Annotations:
D:5 2 transporters, Blork the orc; Diggabert's ghost, novice FoAK


Message History

Things that are here:
a +0 hand axe; a +0 leather armour You now have 189 gold pieces (gained 15).
Things that are here:
a +0 dagger; a +0 ring mail; a +1 dagger of electrocution An orc warrior comes into view.
It is wielding a +0 battleaxe.
The orc warrior shouts!
Casting: Foxfire (safe; 1% risk of failure)
Confirm with . or Enter, or press ? or * to list all spells.
You conjure some foxfire!
The foxfire hits the orc warrior but does no damage.
Casting: Foxfire (safe; 1% risk of failure)
Confirm with . or Enter, or press ? or * to list all spells.
You conjure some foxfire!
The foxfire hits the orc warrior.
The orc warrior is lightly wounded.
Casting: Foxfire (safe; 1% risk of failure)
Confirm with . or Enter, or press ? or * to list all spells.
You conjure some foxfire!
The foxfire hits the orc warrior.
The orc warrior is lightly wounded.
Casting: Foxfire (safe; 1% risk of failure)
Confirm with . or Enter, or press ? or * to list all spells.
Flames lash the orc warrior but do no damage.
The orc warrior hits you with a +0 battleaxe!
The orc warrior hits you with a +0 battleaxe!
Casting: Scorch (safe; 1% risk of failure)
Confirm with . or Enter, or press ? or * to list all spells.
Flames lash the orc warrior.
The orc warrior is severely wounded.
The orc warrior's fire resistance burns away.
The orc warrior misses you.
The orc warrior hits you with a +0 battleaxe!!
* * * LOW HITPOINT WARNING * * *
Casting: Scorch (safe; 1% risk of failure)
Confirm with . or Enter, or press ? or * to list all spells.
Flames lash the orc warrior.
The orc warrior is burned terribly!
The orc warrior is severely wounded.
The orc warrior hits you with a +0 battleaxe!
You die...
Your body crumbles into a pile of gold.

####.)# #.....#######..#
#..... .# #..# ##...## #.##
#..### ## #..# ##### #.# #..#
####..# #># #..# ..)..[# #.#
#..# ####.#### #.######..### #
#....# #............ #
####.###############..#######.
# #....#......o@...))...# #. #
#.####.#############..# #. #
#.# #..# #. # #.# #..# #. #
#.# #..# #. ####.####...
#..#######. ............
#.....).... ####.######.
#.....###...... #.#
#.######...####


You could see an orc warrior (combustible).

Vanquished Creatures
  Prince Ribbit (D:5)
  Sigmund (D:5)
  Eustachio (D:6)
  An ice beast (D:6)
  A sky beast (D:4)
  A black bear (D:2)
  A centaur (D:5)
  A phantom (D:4)
  A bullfrog (D:4)
  A wyvern skeleton (D:6)
  2 hounds
  3 jellies
  A bullfrog skeleton (D:4)
  2 iguanas
  A centaur skeleton (D:6)
  An orc wizard (D:3)
  3 adders
  3 gnolls (D:4)
  An adder skeleton (D:5)
  3 worms
  3 dart slugs
  10 orcs
  6 ball pythons
  9 bats
  7 endoplasms
  3 giant cockroaches (D:1)
  4 goblins
  7 hobgoblins
  4 jackals (D:2)
  5 kobolds
  A quokka (D:2)
  A frilled lizard (D:1)
  A quokka skeleton (D:4)
  3 rats
94 creatures vanquished.

Vanquished Creatures (others)
  427 foxfires
427 creatures vanquished.

Grand Total: 521 creatures vanquished

Notes
Turn   | Place    | Note
-------+----------+-------------------------------------------
     0 | D:1      | bnorton916 the Deep Elf Fire Elementalist began the quest
                  | for the Orb.
     0 | D:1      | Reached XP level 1. HP: 10/10 MP: 6/6
   266 | D:1      | Found Raixkar's Antique Armour Boutique.
   284 | D:1      | Reached XP level 2. HP: 15/15 MP: 4/8
   439 | D:1      | Found Poipiusa's Armour Emporium.
   689 | D:1      | Found a faded altar of an unknown god.
   768 | D:1      | Found Gaub's Antique Armour Shop.
  1157 | D:1      | Found Faskik's Distillery.
  1388 | D:2      | Found a shimmering altar of Xom.
  1699 | D:2      | Reached XP level 3. HP: 7/19 MP: 6/10
  2177 | D:2      | Noticed a black bear
  2238 | D:2      | Learned a level 2 spell: Scorch
  2242 | D:2      | Learned a level 3 spell: Conjure Flame
  2751 | D:2      | Reached skill level 4 in Spellcasting
  2808 | D:2      | Killed a black bear
  2809 | D:2      | Reached XP level 4. HP: 24/24 MP: 2/12
  2909 | D:2      | Reached XP level 5. HP: 28/28 MP: 11/14
  4006 | D:3      | Reached skill level 5 in Spellcasting
  4503 | D:4      | Reached skill level 5 in Fire Magic
  4503 | D:4      | Reached XP level 6. HP: 24/32 MP: 9/16
  5115 | D:4      | Reached skill level 6 in Spellcasting
  5379 | D:4      | Reached XP level 7. HP: 36/36 MP: 13/18
  5484 | D:4      | Found Kipuapp's Jewellery Shop.
  5497 | D:4      | Learned a level 4 spell: Flame Wave
  5848 | D:5      | Entered Level 5 of the Dungeon
  5856 | D:5      | Noticed Diggabert's ghost (novice FoAK)
  5857 | D:5      | Found a transporter.
  5857 | D:5      | Identified the +4 great mace of the Bruised Seas {freeze,
                  | rF++ Will+ Int-3 Stlth+}
  5871 | D:5      | Noticed Sigmund
  5882 | D:5      | Killed Sigmund
  5883 | D:5      | Reached skill level 7 in Spellcasting
  5883 | D:5      | Reached skill level 5 in Conjurations
  6242 | D:5      | Found a transporter.
  6934 | D:5      | Noticed Prince Ribbit
  7182 | D:5      | Killed Prince Ribbit
  7183 | D:5      | Reached XP level 8. HP: 26/41 MP: 14/21
  7626 | D:5      | Noticed Blork the orc
  7902 | D:6      | Reached skill level 1 in Armour
  8558 | D:6      | Noticed Eustachio
  8583 | D:6      | Killed Eustachio
  8714 | D:6      | Found an opulent altar of Gozag.
  8747 | D:6      | Became a worshipper of Gozag Ym Sagoz the Greedy
  9100 | D:6      | Mangled by an orc warrior

Illustrated notes

Levels and vault maps discovered:
D:1:      zaba_arrival_water, layout_loops_cross, serial_shops, shop, shop,
          shop_fountains, shop, dilly_ecumenical_altar_fadedgnrine
D:2:      layout_basic, basic_altar
D:3:      layout_basic
D:4:      layout_loops_ring, minmay_shop_enchanted_jewellery, item_on_display_a
D:5:      lemuel_insect_pit, layout_loops_ring,
          chequers_temple_overflow_minitemple, gammafunk_ghost_smash,
          uniq_sigmund, uniq_prince_ribbit1, uniq_pikel, uniq_blork_the_orc,
          uniq_menkaure
D:6:      layout_loops_ring, mainiacjoe_overflow_concentric_impassable,
          minmay_misc_feat_room, uniq_eustachio

Skill      XL: |  1  2  3  4  5  6  7  8 |
---------------+-------------------------+-----
Conjurations   | 2 3 4 6 |  6.0
Spellcasting   | 4 5 6 7 |  7.8
Fire Magic     | 4 5 6 |  6.9
Armour         | 3 |  3.5
Dodging        | |  2.4
Stealth        | |  2.4

Action                   |  1- 3 |  4- 6 |  7- 9 || total
-------------------------+-------+-------+-------++-------
Melee: Spear             |     4 |     6 |     1 ||    11
 Cast: Foxfire           |   116 |    93 |    67 ||   276
       Scorch            |     5 |    22 |    27 ||    54
       Conjure Flame     |     1 |     2 |       ||     3
  Use: Potion            |       |       |     1 ||     1
Armor: Robe              |    16 |     6 |     8 ||    30
Dodge: Dodged            |    26 |     9 |    22 ||    57
